 Dungeon Crawl Stone Soup version 0.23-a0-171-g5ae17c6e89 (webtiles) character file.

19 PikkenKukken the Skirmisher (level 2, 0/18 HPs)
             Began as a Deep Elf Fighter on Sept 14, 2018.
             Slain by a jackal (3 damage)
             ... on level 3 of the Dungeon.
             The game lasted 00:01:01 (408 turns).

PikkenKukken the Skirmisher (Deep Elf Fighter)       Turns: 408, Time: 00:01:02

Health: 0/18       AC:  6    Str: 13    XL:     2   Next: 55%
Magic:  4/4        EV:  6    Int: 12    God:
Gold:   34         SH:  8    Dex: 14    Spells: 1/1 levels left

rFire    . . .     SeeInvis .   a - +0 war axe
rCold    . . .     Gourm    .   c - +0 shield
rNeg     . . .     Faith    .   b - +0 scale mail
rPois    .         Spirit   .   (no helmet)
rElec    .         Reflect  .   (no cloak)
rCorr    .         Harm     .   (no gloves)
MR       .....                  (no boots)
Stlth    ..........             (no amulet)
HPRegen  0.06/turn              (no ring)
MPRegen  0.09/turn              (no ring)

@: no status effects
A: no striking features
a: no special abilities


You were on level 3 of the Dungeon.
You were not hungry.

You visited 1 branch of the dungeon, and saw 3 of its levels.

You collected 34 gold pieces.

Inventory:

Hand Weapons
 a - a +0 war axe (weapon)
Armour
 b - a +0 scale mail (worn)
 c - a +0 shield (worn)
Scrolls
 e - a scroll of immolation {unknown}
 k - a scroll of noise {unknown}
 l - a scroll of fog
 m - a scroll of remove curse {unknown}
 n - a scroll of fear {unknown}
Potions
 d - a potion of might
 g - a potion of haste {unknown}
 h - 2 potions of curing {unknown}
 i - a potion of brilliance {unknown}
Comestibles
 f - 2 rations
 j - 7 chunks of flesh


   Skills:
 + Level 2.6 Fighting
 * Level 2.0 Axes
 + Level 2.6 Armour
 + Level 2.6 Shields


You had one spell level left.
You didn't know any spells.
Your spell library was empty.

Dungeon Overview and Level Annotations

Branches:
Dungeon (3/15)

Altars:


Message History

The jackal barely misses you. You block the jackal's attack.
The jackal bites you but does no damage. x3
The jackal barely misses you.
Unknown command.
You barely miss the jackal.
The jackal is almost dead.
You closely miss the jackal. You hit the jackal but do no damage.
The jackal bites you but does no damage.
The jackal barely misses you. You block the jackal's attack. x2
The jackal bites you.
* * * LOW HITPOINT WARNING * * *
A hobgoblin comes into view. It is wielding a club.
The jackal bites you but does no damage.
Your shield and scale mail prevent you from hitting the jackal.
The jackal is almost dead.
You barely miss the jackal. You hit the jackal. The jackal closely misses you.
The jackal bites you.
* * * LOW HITPOINT WARNING * * *
You block the jackal's attack. The jackal bites you.
You die...

###....# ###....#
#......# ####...#
#().# #...# #...#
####...#####...
.!..%...@hw....#
.!......hh......
...............g#
######...#####...
#...# .. #...# .
#...# #...


You could see a dart slug, 3 jackals and a hobgoblin.

Vanquished Creatures
  An ooze (D:1)
  2 goblins (D:1)
  2 hobgoblins (D:1)
  4 jackals
  A quokka (D:3)
  A bat (D:3)
  A kobold (D:3)
  A rat (D:3)
13 creatures vanquished.

Notes
Turn   | Place    | Note
-------+----------+-------------------------------------------
     0 | D:1      | PikkenKukken the Deep Elf Fighter began the quest for the
                  | Orb.
     0 | D:1      | Reached XP level 1. HP: 13/13 MP: 3/3
    92 | D:1      | Reached XP level 2. HP: 15/18 MP: 4/4
   408 | D:3      | Slain by a jackal

Vault maps used:
D:1:      minmay_arrival_jagged
D:3:      lightli_sewer_entry_pipes, tgw_kikubaaqudgha, uniq_crazy_yiuf_cottage

Skill      XL: |  1  2 |
---------------+-------+-----
Axes           | 2 |  2.0
Fighting       | |  2.6
Armour         | |  2.6
Shields        | |  2.6

Action                   || total
-------------------------++-------
Melee: War axe           ||    42
  Use: Scroll            ||     1
Armor: Scale mail        ||    37
Dodge: Dodged            ||    20
Block: Shield            ||    20

Table legend:
 A = Non-vault XP
 B = Vault XP
 C = Vault XP percentage of total XP
 D = Non-vault monster count
 E = Vault monster count
 F = Vault count percentage of total count
                 A         B        C        D         E       F
            +---------+---------+-------+---------+---------+-------
      Total |      28 |       0 |   0.0 |      13 |       0 |   0.0
            +---------+---------+-------+---------+---------+-------
        D:1 |      21 |       0 |   0.0 |       8 |       0 |   0.0
        D:3 |       7 |       0 |   0.0 |       5 |       0 |   0.0
            +---------+---------+-------+---------+---------+-------
